 Dungeon Crawl Stone Soup version 0.31-a0-221-gbddc013574 (webtiles) character file.

Game seed: 4854161197390123793

169 qw the Shooter (level 5, -3/45 HPs)
             Began as a Minotaur Hexslinger on July 3, 2023.
             Killed from afar by an orc wizard (8 damage)
             ... with a puff of flame
             ... on level 3 of the Dungeon.
             The game lasted 00:00:50 (1612 turns).

qw the Shooter (Minotaur Hexslinger)                Turns: 1612, Time: 00:00:50

Health: -3/45      AC:  5    Str: 13    XL:     5   Next: 25%
Magic:  5/5        EV: 11    Int: 10    God:
Gold:   125        SH:  0    Dex: 14    Spells: 5/6 levels left

rFire   . . .        Y - +1 sling
rCold   . . .        (no shield)
rNeg    . . .        f - +0 ring mail
rPois   .            (helmet restricted)
rElec   .            (no cloak)
rCorr   .            (no gloves)
SInv    .            (no boots)
Will    .....        (no amulet)
Stlth   +            (no ring)
HPRegen 0.27/turn    (no ring)
MPRegen 0.09/turn

%: no passive effects
@: no status effects
A: horns 2, retaliatory headbutt
a: no special abilities


You were on level 3 of the Dungeon.
You visited 1 branch of the dungeon, and saw 3 of its levels.

You collected 125 gold pieces.


Innate Abilities, Weirdness & Mutations

You have a pair of horns on your head.
You reflexively headbutt those who attack you in melee.


   Skills:
 - Level 3.0 Fighting
 + Level 5.3 Ranged Weapons
 - Level 1.0 Armour
 - Level 2.1 Dodging
 - Level 1.0 Spellcasting
 - Level 2.0 Hexes


You had 5 spell levels left.
You knew the following spells:

 Your Spells              Type           Power      Damage    Failure   Level
a - Slow                  Hex            16%        N/A       32%         1

Your spell library contained the following spells:

 Spells                   Type           Power      Damage    Failure   Level
 Inner Flame              Hex/Fire       2%         N/A       82%         3
 Portal Projectile        Hex/Tloc       4%         N/A       82%         3
 Cause Fear               Hex            2%         N/A       97%         4

Inventory:

Hand Weapons
 Y - a +1 sling (weapon)
Armour
 e - a +1 pair of gloves
 f - a +0 ring mail (worn)
Scrolls
 g - a scroll of acquirement {unknown}
 j - a scroll of revelation {unknown}
 k - a scroll of fear {unknown}
Potions
 b - a potion of experience {unknown}
 c - a potion of resistance {unknown}
 d - a potion of attraction {unknown}
 h - a potion of might {unknown}
 i - a potion of heal wounds {unknown}

Dungeon Overview and Level Annotations

Branches:
Dungeon (3/15)

Altars:
The Shining One

Shops:
D:2 (


Message History

You shoot a sling bullet.
The sling bullet closely misses the orc.
Something hits you but does no damage. The orc hits you with a +0 club.
The orc hits you but does no damage. Something hits you but does no damage.
You shoot a sling bullet. The sling bullet hits the orc!
You kill the orc!
Something hits you but does no damage.
Your Fighting skill increases to level 3!
You shoot a sling bullet. Something hits you but does no damage.
You shoot a sling bullet. Something hits you but does no damage.
You shoot a sling bullet.
You hear some strange, mumbled words.
A magic dart appears from out of thin air!
The magic dart hits you!
You hear some strange, mumbled words.
Something tries to affect you, but you resist.
You shoot a sling bullet.
You hear some strange, mumbled words.
A magic dart appears from out of thin air!
The magic dart hits you!
You shoot a sling bullet. Something hits you but does no damage.
You shoot a sling bullet.
An orc wizard appears from thin air!
Reactivating autopickup.
The orc wizard casts a spell at you. You resist with some effort.
You shoot a sling bullet.
The sling bullet closely misses the orc wizard.
The orc wizard hits you but does no damage. x2
You shoot a sling bullet.
The sling bullet barely misses the orc wizard.
The orc wizard hits you but does no damage.
You shoot a sling bullet.
The sling bullet closely misses the orc wizard.
The orc wizard gestures at you while chanting.
The puff of flame hits you!
You die...

....#..#+###
#..#
.....###.
####.. #..#
......
........
#####..#
.......
##......#
...#...
#..#....#
#.....
#.##....#
#....
#.##....#
#...o##
#.##....#
#..)@##
#.##....#
####))#
##.#####.#
##.###..# .#
#...#.##
###...#
#..## #..#
##>. ####


You could see an orc wizard.

Vanquished Creatures
  A crimson imp (D:3)
  7 adders (D:2)
  3 orcs (D:3)
  4 bats
  6 endoplasms
  3 giant cockroaches
  6 goblins
  3 hobgoblins (D:1)
  3 kobolds
  3 quokkas
  14 ball pythons
  4 frilled lizards (D:2)
  2 goblin skeletons (D:3)
  4 goblin zombies (D:3)
  2 hobgoblin zombies (D:3)
  A kobold skeleton (D:3)
  An orc skeleton (D:3)
  2 rats
69 creatures vanquished.

Notes
Turn   | Place    | Note
-------+----------+-------------------------------------------
     0 | D:1      | qw the Minotaur Hexslinger began the quest for the Orb.
     0 | D:1      | Reached XP level 1. HP: 16/16 MP: 1/1
     0 | D:1      | 0 ||| qw: Version: 0.3-a-40-ge99b1a8
     0 | D:1      | 0 ||| qw: Game counter: 503
     0 | D:1      | 0 ||| qw: Melee chars always use a shield: true
     0 | D:1      | 0 ||| qw: God list: Okawaru
     0 | D:1      | 0 ||| qw: Allow faded altars: false
     0 | D:1      | 0 ||| qw: Do Orc after clearing Dungeon:15 true
     0 | D:1      | 0 ||| qw: Do second Lair branch before Depths: true
     0 | D:1      | 0 ||| qw: Lair rune preference: random
     0 | D:1      | 0 ||| qw: Goals: Normal
     0 | D:1      | 0 ||| PLANNING D:1-11
    77 | D:1      | You fall into a shaft and drop 1 floor!
    84 | D:2      | 84 ||| UPGRADING to +0 leather armour.
    94 | D:2      | 94 ||| DROPPING +0 robe.
    95 | D:2      | 95 ||| READING scroll labelled DOKLOU DOWAU.
    96 | D:2      | 96 ||| DROPPING scroll of poison.
   142 | D:1      | Reached skill level 3 in Ranged Weapons
   153 | D:1      | Reached XP level 2. HP: 23/23 MP: 2/2
   445 | D:2      | Found Osai's Weapon Emporium.
   481 | D:2      | Reached XP level 3. HP: 30/30 MP: 3/3
   601 | D:2      | Reached skill level 4 in Ranged Weapons
   617 | D:2      | Reached XP level 4. HP: 34/37 MP: 4/4
   713 | D:2      | Found a faded altar of an unknown god.
  1087 | D:2      | 1087 ||| UPGRADING to +0 ring mail.
  1097 | D:2      | 1097 ||| DROPPING +0 leather armour.
  1098 | D:2      | 1098 ||| READING scroll labelled TOVYECSEPEE.
  1199 | D:2      | 1199 ||| READING scroll labelled JEIN POVINY.
  1203 | D:2      | 1203 ||| READING scroll labelled PECZIH DULEHU.
  1204 | D:2      | 1204 ||| DRINKING 2 inky potions.
  1400 | D:3      | Found a glowing golden altar of the Shining One.
  1410 | D:3      | Reached skill level 1 in Armour
  1421 | D:3      | Reached skill level 5 in Ranged Weapons
  1421 | D:3      | Reached XP level 5. HP: 36/42 MP: 5/5
  1582 | D:3      | 1582 ||| DRINKING 2 potions of curing.
  1582 | D:3      | 1582 ||| (to cure confusion)
  1587 | D:3      | 1587 ||| DRINKING potion of curing.
  1587 | D:3      | 1587 ||| (to cure confusion)
  1604 | D:3      | Reached skill level 3 in Fighting
  1606 | D:3      | HP: 10/45 [something/magic dart (7)]
  1607 | D:3      | HP: 4/45 [something/magic dart (7)]
  1612 | D:3      | Killed from afar by an orc wizard

Levels and vault maps discovered:
D:1:      scummos_arrival_checkerplants, layout_rooms, solitary_fountain,
          minmay_misc_feat_alley
D:2:      layout_basic, serial_shops, nicolae_shop_pleasant_corner_grove,
          chequers_ecumenical_altar_simple_redux, minmay_snake_closets
D:3:      layout_basic, nicolae_tso_besieged_by_evil

Skill      XL: |  1  2  3  4  5 |
---------------+----------------+-----
Ranged Weapons | 3 4 5 |  5.3
Fighting       | 2 3 |  3.0
Armour         | 1 |  1.0
Dodging        | |  2.1
Spellcasting   | |  1.0
Hexes          | |  2.0

Action                     |  1- 3 |  4- 6 || total
---------------------------+-------+-------++-------
   Fire: Sling             |    77 |   125 ||   202
    Use: Scroll            |     1 |     3 ||     4
         Potion            |       |     3 ||     3
 Armour: Leather armour    |     7 |     6 ||    13
         Ring mail         |       |    35 ||    35
  Dodge: Dodged            |    31 |    45 ||    76

Table legend:
 A = Non-vault XP
 B = Vault XP
 C = Vault XP percentage of total XP
 D = Non-vault monster count
 E = Vault monster count
 F = Vault count percentage of total count
                 A         B        C        D         E       F
            +---------+---------+-------+---------+---------+-------
      Total |     106 |     136 |  56.2 |      46 |      23 |  33.3
            +---------+---------+-------+---------+---------+-------
        D:1 |      17 |       0 |   0.0 |      10 |       0 |   0.0
        D:2 |      59 |      76 |  56.3 |      21 |      12 |  36.4
        D:3 |      30 |      60 |  66.7 |      15 |      11 |  42.3
            +---------+---------+-------+---------+---------+-------
